Map: Equilibrium LE

Players

GusGus

  • Race: Protoss Protoss
  • League: Diamond
  • Spawn Location: 11:00

Djoker - Winner!

  • Race: Terran Terran
  • League: Diamond
  • Spawn Location: 1:00

VOD

Have the link to the VOD?

Description

CTL Season 30

Time

  • Played on: Feb. 16, 2024, 5:08 p.m.
  • Length: 10:37
Show
View Real Time Build Order
Export as new Build Order

GusGus Protoss 

Build Orders: 1 Gate Expand, Zealot Archon 

Get SALT Encoding   

  12  0:00  Probe (Chrono Boost)  
  13  0:11  Probe (Chrono Boost)  
  14  0:18  Pylon  
  14  0:21  Probe  
  15  0:36  Probe  
  15  0:38  Gateway  
  16  0:48  Assimilator, Probe  
  17  1:00  Probe (Chrono Boost)  
  19  1:12  Probe (Chrono Boost)  
  19  1:18  Probe (Chrono Boost)  
  20  1:26  Cybernetics Core  
  20  1:35  Nexus  
  20  1:38  Probe  
  21  1:47  Assimilator  
  21  1:50  Probe  
  21  1:53  Pylon  
  22  2:02  Warp Gate, Probe  
  23  2:09  Adept (Chrono Boost)  
  23  2:14  Probe  
  26  2:26  Probe  
  27  2:38  Probe  
  28  2:47  Robotics Facility  
  29  2:52  Probe (Chrono Boost)  
  29  2:53  Probe (Chrono Boost)  
  30  3:05  Probe (Chrono Boost)  
  32  3:06  Pylon  
  32  3:08  Probe (Chrono Boost)  
  33  3:13  Probe (Chrono Boost)  
  33  3:16  Probe (Chrono Boost)  
  35  3:23  Assimilator, Probe x2 (Chrono Boost)  
  35  3:24  Assimilator  
  36  3:27  Gateway  
  36  3:29  Probe  
  36  3:31  Probe  
  39  3:34  Observer  
  39  3:41  Probe  
  39  3:43  Probe  
  39  3:48  Pylon  
  41  3:53  Probe  
  41  3:55  Probe  
  44  3:56  Observer  
  44  3:58  Stalker  
  46  4:11  Probe  
  46  4:12  Probe  
  49  4:17  Observer  
  49  4:26  Nexus  
  49  4:29  Pylon  
  49  4:31  Stalker x2  
  51  4:32  Probe  
  51  4:33  Probe  
  51  4:36  Shield Battery  
  55  4:39  Pylon  
  55  4:44  Probe  
  56  4:52  Probe  
  57  4:54  Immortal (Chrono Boost)  
  57  4:56  Twilight Council, Probe  
  62  5:02  Stalker  
  62  5:03  Stalker  
  62  5:04  Probe  
  67  5:08  Probe  
  67  5:11  Observer  
  68  5:16  Probe  
  68  5:20  Observer, Probe  
  70  5:22  Pylon  
  70  5:26  Gateway  
  70  5:27  Gateway  
  69  5:29  Gateway  
  69  5:30  Probe  
  69  5:35  Probe  
  71  5:38  Charge (Chrono Boost)  
  71  5:39  Probe  
  72  5:43  Probe  
  72  5:48  Stalker x2  
  72  5:49  Probe  
  78  5:51  Probe  
  78  5:54  Robotics Bay  
  78  5:57  Templar Archives, Probe  
  78  6:01  Probe  
  78  6:03  Probe  
  81  6:09  Immortal (Chrono Boost)  
  85  6:16  Assimilator  
  85  6:18  Assimilator  
  85  6:19  Stalker x2  
  85  6:20  Probe  
  85  6:21  Probe  
  91  6:27  Zealot x3  
  91  6:30  Psionic Storm  
  91  6:31  Probe  
  98  6:39  Shield Battery  
  98  6:40  Shield Battery, Probe  
  98  6:41  Probe  
  101  6:50  Extended Thermal Lance  
  101  6:51  Pylon  
  101  6:53  Pylon  
  101  7:05  Colossus (Chrono Boost)  
  100  7:10  High Templar  
  100  7:12  High Templar x4, Pylon  
  116  7:19  Archon x2  
  116  7:22  Probe  
  112  7:44  High Templar x2  
  112  7:45  High Templar  
  112  7:47  Zealot  
  112  7:49  Zealot  
  122  8:00  Colossus (Chrono Boost)  
  124  8:14  Gateway  
  124  8:15  Gateway  
  124  8:17  Forge  
  124  8:22  Forge  
  124  8:23  Forge  
  124  8:26  Pylon  
  117  8:28  Pylon  
  117  8:31  Zealot, Pylon  
  117  8:32  Zealot x2  
  89  8:45  Zealot x2  
  79  8:50  Colossus (Chrono Boost)  
  75  9:00  Stalker  
  75  9:01  Stalker x2  
  68  9:12  Zealot x4  
  66  9:24  Zealot x2  
  66  9:25  Zealot  
  44  10:04  Zealot x3  
  44  10:05  Zealot x3  
Show
View Real Time Build Order
Export as new Build Order

Djoker Terran - Winner!

Build Orders: Reaper Expand 

Get SALT Encoding   

  12  0:00  SCV  
  13  0:12  SCV  
  14  0:17  Supply Depot  
  14  0:24  SCV  
  15  0:38  SCV  
  15  0:39  Barracks  
  16  0:44  Refinery  
  16  0:50  SCV  
  17  1:03  SCV  
  18  1:15  SCV  
  19  1:27  Orbital Command  
  19  1:28  Reaper  
  20  1:43  Command Center  
  20  1:52  SCV  
  21  2:05  Factory  
  21  2:10  Supply Depot  
  21  2:13  Barracks Tech Lab  
  21  2:22  SCV  
  22  2:34  SCV  
  22  2:35  Marauder  
  25  2:41  Refinery  
  25  2:43  Concussive Shells  
  25  2:46  SCV  
  26  2:58  SCV  
  28  3:09  Orbital Command  
  28  3:10  SCV  
  28  3:18  Bunker  
  28  3:22  Factory Tech Lab  
  28  3:23  SCV  
  29  3:28  Starport  
  29  3:29  Engineering Bay  
  29  3:33  Marine  
  30  3:35  Stimpack, SCV  
  30  3:37  SCV  
  32  3:47  SCV  
  33  3:49  SCV  
  33  3:51  Marine  
  35  3:59  SCV  
  35  4:02  SCV  
  37  4:09  Starport Tech Lab, Siege Tank  
  40  4:11  SCV, Marine  
  40  4:14  SCV  
  43  4:18  Supply Depot  
  43  4:21  Barracks  
  43  4:22  Barracks  
  43  4:23  Supply Depot, SCV  
  44  4:25  Barracks  
  44  4:29  Marine  
  44  4:31  SCV  
  46  4:39  Raven, SCV  
  49  4:49  SCV  
  49  4:51  SCV  
  51  4:53  Refinery  
  51  4:55  Refinery  
  51  4:59  Supply Depot  
  51  5:07  SCV x2  
  53  5:15  Combat Shield  
  53  5:16  Marine x3  
  53  5:19  SCV x2  
  58  5:33  SCV x2  
  58  5:35  Starport Reactor, Barracks Tech Lab  
  60  5:36  Barracks Reactor x2  
  60  5:37  Barracks  
  60  5:44  Terran Infantry Weapons Level 1  
  60  5:45  SCV x2  
  60  5:46  Engineering Bay  
  60  5:49  Command Center  
  62  5:58  Marauder x2  
  62  6:00  Siege Tank  
  62  6:01  SCV  
  70  6:09  Supply Depot  
  70  6:10  Supply Depot  
  70  6:11  Supply Depot  
  70  6:12  Supply Depot, SCV  
  70  6:13  Medivac x2  
  70  6:17  Marine  
  70  6:18  Marine  
  77  6:22  Terran Infantry Armor Level 1  
  77  6:31  Marauder x2  
  81  6:38  Marine x5  
  86  6:43  Medivac x2  
  92  6:47  Widow Mine  
  92  6:51  Marine  
  92  6:52  Marine  
  94  6:58  Marine x5  
  99  7:03  Orbital Command  
  101  7:09  Marine x2  
  101  7:12  Supply Depot  
  101  7:15  Siege Tank  
  104  7:16  Marine x2  
  104  7:17  Medivac x2  
  110  7:51  Medivac x2  
  110  7:56  Orbital Command  
  114  8:05  Marine x6  
  120  8:25  Command Center  
  119  8:30  Marine x7  
  103  8:48  Siege Tank, Medivac x2, Marine x5  
  107  9:15  Marine x4  
  109  9:18  Medivac  
  108  9:24  Marine x3  
  108  9:26  Widow Mine  
  108  9:27  Liberator  
  115  9:33  Marine x4  
  118  9:42  Marine x2  
  120  9:46  Marine  
  120  9:47  Widow Mine  
  120  9:48  Liberator  
  120  9:49  SCV x2  
  120  9:50  Marine  
  129  9:55  Planetary Fortress  
  129  10:00  Missile Turret  
  129  10:04  Refinery  
  129  10:09  Marine x2  
  129  10:10  Refinery  
  134  10:21  Missile Turret  
Tags
 
Add a new tag
Caveats
  • Supply blocks, unpowered buildings, or Contaminate may cause inaccurate times.
  • Supply counts are checked every 10 seconds.